 Dungeon Crawl Stone Soup version 0.27-a0-380-g150de4c316 (webtiles) character file.

Game seed: 11735408507724038281

229042 sahdkjhfkaj the Unseen (level 20, -3/128 HPs)
             Began as a Kobold Berserker on Feb 18, 2021.
             Was an Initiate of Lugonu.
             Killed by divine providence
             ... invoked by a daeva
              (16 damage)
             ... on level 2 of the Abyss.
             The game lasted 01:40:50 (69520 turns).

sahdkjhfkaj the Unseen (Kobold Berserker)          Turns: 69520, Time: 01:40:50

Health: -3/128     AC: 25    Str: 14    XL:     20   Next: 63%
Magic:  33/33      EV: 26    Int: 12    God:    Lugonu [......]
Gold:   1461       SH:  7    Dex: 20    Spells: 16/37 levels left

rFire    . . .     SeeInvis +   a - +9 rapier (drain)
rCold    + . .     Faith    .   r - +0 buckler
rNeg     . . .     Spirit   .   G - +5 ring mail "Piha" {Will+ Int+2}
rPois    +         Reflect  .   h - +2 helmet {SInv}
rElec    .         Harm     .   b - +2 cloak "Ipivaf" {rC+ Will+ Str-2 Stlth+}
rCorr    .         Rampage  .   T - +0 pair of gloves
Will     +++..                  X - +1 pair of boots
Stlth    ++++......             S - amulet of magic regeneration
HPRegen  0.31/turn              p - +4 ring of protection
MPRegen  0.48/turn              o - ring of poison resistance

@: about to teleport, glowing, studying Slings
A: small, nightstalker 3, subdued magic 1
a: Renounce Religion


You were on level 2 of the Abyss.
You worshipped Lugonu.
Lugonu was noncommittal.
You visited 7 branches of the dungeon, and saw 33 of its levels.
You visited the Abyss 3 times.
You also visited: Gauntlet.

You collected 4699 gold pieces.
You spent 3238 gold pieces at shops.

Inventory:

Hand Weapons
 a - a +9 rapier of draining (weapon)
Missiles
 k - 892 stones
 E - a throwing net {!f}
Armour
 b - the +2 cloak "Ipivaf" (worn) {rC+ Will+ Str-2 Stlth+}
   (You acquired it on level 8 of the Dungeon)

   It affects your strength (-2).
   It protects you from cold.
   It affects your willpower, your defense against some magical effects.
   It makes you more stealthy.
 h - a +2 helmet of see invisible (worn)
 r - a +0 buckler (worn)
 G - the +5 ring mail "Piha" (worn) {Will+ Int+2}
   (You bought it in a shop on level 2 of the Orcish Mines)

   It affects your intelligence (+2).
   It affects your willpower, your defense against some magical effects.
 T - a +0 pair of gloves (worn)
 X - a +1 pair of boots (worn)
Jewellery
 f - an amulet of reflection
 n - a ring of willpower
 o - a ring of poison resistance (right hand)
 p - a +4 ring of protection (left hand)
 x - a ring of magical power
 y - an amulet of magic regeneration
 P - a ring of willpower
 Q - a ring of flight
 S - an amulet of magic regeneration (around neck)
Wands
 q - a wand of charming (2)
 s - a wand of flame (63)
 u - a wand of acid (11) {@v2}
 H - a wand of polymorph (7)
 M - a wand of paralysis (2)
 W - a wand of iceblast (10) {@v4}
Scrolls
 j - 4 scrolls of immolation
 t - a scroll of silence
 v - 6 scrolls of magic mapping
 B - 3 scrolls of amnesia
 D - 6 scrolls of fog
 F - 4 scrolls of teleportation {@r3}
 I - 8 scrolls of enchant armour
 L - a scroll of holy word
 R - 4 scrolls of vulnerability
 V - 5 scrolls of enchant weapon
 Z - 7 scrolls of identify {@r1}
Potions
 d - 3 potions of cancellation
 e - 4 potions of berserk rage
 g - 4 potions of might {@q4}
 l - 9 potions of curing {@q1}
 m - 4 potions of mutation
 z - 4 potions of magic
 A - 4 potions of lignification
 J - 4 potions of haste {@q3}
 K - 4 potions of attraction
 N - a potion of ambrosia
 O - 3 potions of resistance {@q6}
 U - 3 potions of invisibility


   Skills:
 + Level 14.8 Fighting
 - Level 15.0 Short Blades
 - Level 10.0 Throwing
 - Level 6.0 Armour
 - Level 15.0 Dodging
 - Level 18.0 Stealth
 - Level 7.0 Shields
 - Level 9.0 Spellcasting
 - Level 6.0 Conjurations
 - Level 8.0 Hexes
 - Level 11.0 Invocations
 - Level 15.0 Evocations


You had 16 spell levels left.
You knew the following spells:

 Your Spells              Type           Power        Failure   Level
a - Dazzling Flash        Conj/Hex       34%          3%          3
d - Summon Forest         Summ/Tloc      2%           99%         5
f - Malign Gateway        Summ/Tloc      2%           100%        7
g - Apportation           Tloc           8%           21%         1
h - Blink                 Tloc           N/A          32%         2
x - Confusing Touch       Hex            18%          1%          3

Your spell library contained the following spells:

 Spells                   Type           Power        Failure   Level
 Corona                   Hex            20%          1%          1
 Tukima's Dance           Hex            18%          1%          3
 Ensorcelled Hibernation  Hex/Ice        22%          5%          2
 Static Discharge         Conj/Air       9%           19%         3
 Stone Arrow              Conj/Erth      18%          19%         3
 Freeze                   Ice            16%          21%         1
 Sandblast                Erth           8%           21%         1
 Corpse Rot               Necr/Air       N/A          32%         2
 Passwall                 Tmut/Erth      3%           32%         2
 Hailstorm                Conj/Ice       9%           52%         4
 Frozen Ramparts          Ice            8%           54%         3
 Gell's Gravitas          Tloc           2%           54%         3
 Lesser Beckoning         Tloc           2%           54%         3
 Ozocubu's Armour         Ice            4%           54%         3
 Metabolic Englaciation   Hex/Ice        5%           75%         5
 Yara's Violent Unravell  Hex/Tmut       5%           75%         5
 Invisibility             Hex            18%          77%         6
 Irradiate                Conj/Tmut      4%           87%         5
 Lightning Bolt           Conj/Air       4%           87%         5
 Petrify                  Tmut/Erth      4%           92%         4
 Summon Ice Beast         Ice/Summ       4%           92%         4
 Alistair's Intoxication  Tmut/Pois      2%           99%         5
 Lee's Rapid Deconstruct  Erth           2%           99%         5
 Eringya's Noxious Bog    Tmut/Pois      2%           100%        6
 Hydra Form               Tmut           2%           100%        6
 Statue Form              Tmut/Erth      2%           100%        6
 Dragon Form              Tmut           2%           100%        7
 Haunt                    Necr/Summ      2%           100%        7
 Monstrous Menagerie      Summ           2%           100%        7
 Summon Hydra             Summ           2%           100%        7
 Ignition                 Fire           2%           100%        8
 Summon Horrible Things   Summ           2%           100%        8
 Shatter                  Erth           2%           100%        9
 Tornado                  Air            2%           100%        9


Dungeon Overview and Level Annotations

Branches:
Dungeon (15/15)            Temple (1/1) D:6            Lair (6/6) D:10
 Shoals (0/4) Lair:3       Spider (4/4) Lair:3        Slime (0/5) Lair:6
    Orc (2/2) D:9             Elf (3/3) Orc:2        Vaults (0/5) D:14
 Depths (2/5) D:15        Gauntlet (visited)

Altars:
Ashenzari
Cheibriados
Dithmenos
Elyvilon
Fedhas
Gozag
Hepliaklqana
Kikubaaqudgha
Makhleb
Nemelex Xobeh
Okawaru
Qazlal
Ru
Sif Muna
Trog
Uskayaw
Vehumet
Wu Jian
Xom
Yredelemnul
Zin
The Shining One
Beogh

Shops:
D:6 **   D:9 =*   D:15 *   Orc:1 [   Orc:2 *!(!   Elf:1 (   Elf:2 (?
Depths:1 =:=

Portals:
Hell: Depths:1
Abyss: Depths:1 Depths:2
Trove: Depths:2 (give +2 shadow dragon scales)

Annotations:
D:15 3 runed translucent doors, AyAyRon's ghost, adept DsFi
Spider:4 3 exclusions
Elf:2 2 runed translucent doors


Innate Abilities, Weirdness & Mutations

You are small and have problems with some larger weapons.
You are completely attuned to the shadows.
Your spells are a little easier to cast, but a little less powerful.


Message History

The large abomination completely misses you.
You hit the large abomination.
The large abomination is lightly damaged.
You puncture the large abomination!
The large abomination is moderately damaged.
The large abomination completely misses you.
You closely miss the large abomination.
The large abomination is moderately damaged.
You hit the large abomination.
The large abomination is heavily damaged.
The large abomination completely misses you.
You puncture the large abomination!
The large abomination is heavily damaged.
The large abomination hits you!
* * * LOW HITPOINT WARNING * * *
You hit the large abomination but do no damage.
The large abomination is heavily damaged.
You hit the large abomination.
The large abomination is severely damaged.
The large abomination hits you!!
* * * LOW HITPOINT WARNING * * *
You feel much better.
The large abomination completely misses you.
You hit the large abomination.
The large abomination is severely damaged.
You puncture the large abomination!
The large abomination is almost destroyed.
The large abomination hits you!!
* * * LOW HITPOINT WARNING * * *
You puncture the large abomination!
You destroy the large abomination!
Unknown command.
You start resting.
A daeva is nearby!
As you read the scroll of teleportation {@r3}, it crumbles to dust.
You feel strangely unstable.
You feel the power of the Abyss delaying your translocation!
The daeva calls down the wrath of the Shining One upon you.
The Shining One smites you!
You die...

###.#.#.
##..#.#.
......###
#
##...A.##
. .
#...@# .#
. .####.#
.. . #
##.. #. .
.##..# .
ยง . . .
# #. .# .
# .# . .


You could see a daeva.

Vanquished Creatures
  A juggernaut (Depths:2)
  A caustic shrike (Depths:1)
  A golden dragon (Depths:1)
  Arachne (Spider:1)
  A tentacled monstrosity (Abyss:1)
  A lich (Depths:2)
  Kirke (D:15)
  Frances (D:13)
  Agnes (Spider:1)
  3 fire giants
  A frost giant (Depths:2)
  Aizul (Elf:1)
  A ghost moth (Spider:3)
  3 deep elf sorcerers
  An emperor scorpion (Spider:3)
  A spriggan defender (Depths:1)
  A very ugly thing (Depths:1)
  13 stone giants
  A starcursed mass (Abyss:1)
  Azrael (D:12)
  A vampire knight (Depths:1)
  A green draconian (Abyss:1)
  2 spark wasps
  A deep elf annihilator (Elf:1)
  3 entropy weavers
  4 ettins
  2 deep elf death magi
  2 fire dragons (Depths:1)
  Josephine (D:15)
  A deep elf high priest (Elf:1)
  3 yaktaur captains
  Fannar (Orc:1)
  A great orb of eyes (Depths:1)
  8 vault guards (D:14)
  4 boulder beetles
  2 ice dragons
  2 rakshasas
  Harold (D:10)
  3 ogre magi
  10 hydras
  5 centaur warriors
  2 catoblepae
  The ghost of sahdkjhfkaj the Covert, a journeyman SpEn of Dithmenos (Lair:3)
  A two-headed ogre (shapeshifter) (Abyss:1)
  21 two-headed ogres
  11 dancing weapons
  5 deep troll shamans
  9 death yaks
  7 deep troll earth magi
  A death yak (shapeshifter) (Depths:2)
  A tengu warrior (Depths:2)
  A hell hog (Gauntlet)
  4 thrashing horrors (Abyss:1)
  6 orc high priests (Orc:2)
  3 spriggan berserkers
  2 vampire magi
  Sonja (Lair:2)
  7 deep elf knights
  A soul eater (Depths:1)
  3 iron trolls
  2 skeletal warriors (D:15)
  A sixfirhy (Abyss:1)
  A salamander mystic (Depths:1)
  A spatial maelstrom (Abyss:1)
  10 deep trolls
  An unseen horror (D:13)
  A glowing orange brain (Depths:1)
  6 deep elf archers
  A wizard (Depths:1)
  2 necromancers
  An orc knight (Orc:1)
  2 wolf spider zombies
  14 deep elf zephyrmancers
  21 orb spiders
  18 deep elf pyromancers
  17 wolf spiders
  18 ugly things
  A stone giant zombie (D:15)
  A sphinx zombie (D:15)
  3 manticores
  2 salamanders (Depths:1)
  A manticore (shapeshifter) (Depths:1)
  12 cyclopes
  2 moths of wrath
  10 elephants (Lair:6)
  4 black mambas
  A torpor snail (Lair:6)
  Joseph (D:8)
  A gargoyle (D:11)
  11 cane toads
  A spriggan zombie (D:15)
  2 minotaur zombies (Gauntlet)
  11 komodo dragons
  34 jumping spiders
  2 centaur skeletons
  A rime drake (Lair:2)
  8 demonic crawlers
  A yaktaur (Depths:1)
  3 kobold demonologists (D:11)
  An ancient zyme (Abyss:1)
  A yaktaur skeleton (D:15)
  A merfolk (Lair:3)
  A meliai (shapeshifter) (Depths:1)
  16 polar bears
  9 trolls
  3 large abominations
  9 blink frogs
  3 hornets
  18 slime creatures
  9 dream sheep
  4 air elementals
  2 spriggans (Lair:2)
  5 wraiths
  6 shadows
  18 tarantellas
  3 ynoxinuls (Abyss:1)
  69 redbacks
  A tarantella (shapeshifter) (Depths:2)
  3 water elementals
  5 wyverns
  2 steam dragons
  35 yaks
  2 fire bats (Gauntlet)
  A human (shapeshifter) (Depths:2)
  6 golden eyes (Abyss:1)
  3 fire elementals
  3 basilisks
  7 wargs
  A spatial vortex (Abyss:1)
  Edmund (D:6)
  A soldier ant (D:15)
  A small abomination (Abyss:1)
  8 hell hounds
  13 water moccasins
  A sky beast (shapeshifter) (Depths:2)
  5 ice beasts
  16 orc warriors
  3 sky beasts
  2 eyes of draining
  14 black bears
  13 ogres
  2 eyes of draining (shapeshifter)
  23 killer bees
  9 boggarts
  22 wolves
  13 centaurs
  3 phantoms
  5 kobold brigands
  A spectral wyvern (D:11)
  21 bullfrogs
  2 earth elementals (Elf:1)
  A wyvern zombie (D:11)
  A troll zombie (D:9)
  7 scorpions
  31 wights
  7 electric eels
  5 howler monkeys
  A crimson imp (D:9)
  3 bullfrog zombies
  6 centaur zombies
  A quasit (Abyss:1)
  8 hounds
  2 bullfrog skeletons
  19 jellies
  40 orc priests
  7 iguanas
  An iron imp (Abyss:1)
  28 orc wizards
  4 hell rats (Lair:6)
  13 worker ants
  5 ogre zombies (D:9)
  3 worker ant zombies
  Robin (D:2)
  8 gnolls
  15 adders
  10 river rats (Lair:6)
  A shadow imp (D:6)
  5 white imps
  2 ufetubi
  An ooze (D:7)
  2 adder zombies
  An adder skeleton (D:7)
  3 worms
  4 dart slugs
  7 leopard geckos
  98 orcs
  A bat (D:1)
  5 giant cockroaches
  17 goblins
  12 hobgoblins
  24 jackals
  A quokka (D:2)
  3 frilled lizards
  2 goblin skeletons (D:9)
  2 goblin zombies (D:9)
  A hobgoblin skeleton (D:9)
  25 kobolds
  2 leopard gecko skeletons
  An orc skeleton (D:9)
  13 orc zombies (D:9)
  11 rats
  A butterfly (Lair:1)
1309 creatures vanquished.

Vanquished Creatures (collateral kills)
  A minotaur (Gauntlet)
  A death ooze (Gauntlet)
  A two-headed ogre (Elf:1)
  A deep elf pyromancer (D:14)
  An orb spider (Spider:1)
  A demonic crawler (Spider:1)
  2 hornets (Gauntlet)
  2 boggarts (D:14)
10 creatures vanquished.

Vanquished Creatures (others)
  4 humans (D:15)
  2 killer bees
  18 fungi
  40 plants
  8 withered plants (D:15)
72 creatures vanquished.

Grand Total: 1391 creatures vanquished

Notes
Turn   | Place    | Note
-------+----------+-------------------------------------------
     0 | D:1      | sahdkjhfkaj the Kobold Berserker began the quest for the
                  | Orb.
     0 | D:1      | Reached XP level 1. HP: 14/14 MP: 1/1
   197 | D:1      | Reached XP level 2. HP: 19/19 MP: 2/2
   475 | D:1      | Reached skill level 5 in Short Blades
   713 | D:1      | Reached XP level 3. HP: 23/23 MP: 3/3
  1363 | D:2      | Noticed a bullfrog
  1379 | D:2      | Killed a bullfrog
  1379 | D:2      | Reached ** piety under Trog
  1380 | D:2      | Reached XP level 4. HP: 26/28 MP: 4/4
  1504 | D:2      | Reached XP level 5. HP: 30/32 MP: 5/5
  1923 | D:2      | Noticed Robin
  2068 | D:2      | Killed Robin
  2796 | D:2      | Found a glowing silver altar of Zin.
  2810 | D:2      | Found a bloodstained altar of Trog.
  3334 | D:3      | Reached XP level 6. HP: 37/37 MP: 6/6
  4310 | D:3      | Found an iron altar of Okawaru.
  4569 | D:4      | Reached XP level 7. HP: 37/41 MP: 7/7
  4925 | D:4      | Reached skill level 10 in Short Blades
  5006 | D:4      | Found a stormy altar of Qazlal.
  5010 | D:4      | Found a faded altar of an unknown god.
  5012 | D:4      | Found an opulent altar of Gozag.
  5013 | D:4      | Found a basalt altar of Yredelemnul.
  5018 | D:4      | Found a white marble altar of Elyvilon.
  5724 | D:4      | Found an ancient bone altar of Kikubaaqudgha.
  5778 | D:5      | Entered Level 5 of the Dungeon
  5938 | D:5      | Reached *** piety under Trog
  6105 | D:5      | Found a radiant altar of Vehumet.
  6339 | D:5      | Reached XP level 8. HP: 42/46 MP: 8/8
  7043 | D:6      | Noticed Edmund
  7056 | D:6      | Killed Edmund
  7057 | D:6      | Reached skill level 1 in Stealth
  7080 | D:6      | Reached skill level 2 in Stealth
  7155 | D:6      | Reached skill level 3 in Stealth
  7232 | D:6      | Reached skill level 1 in Evocations
  7514 | D:6      | Reached skill level 1 in Throwing
  7716 | D:6      | Found a runed translucent door.
  7855 | D:6      | Found Joeki's General Store.
  8150 | D:6      | Found Nethodin's General Store.
  8319 | D:6      | Found a staircase to the Ecumenical Temple.
  8594 | D:7      | Reached skill level 4 in Stealth
  8618 | D:7      | Reached skill level 5 in Stealth
  8618 | D:7      | Reached XP level 9. HP: 44/52 MP: 9/9
  9647 | D:7      | Found Loegupt's Assorted Antiques.
 10221 | D:7      | Reached skill level 5 in Dodging
 10646 | D:8      | Reached skill level 5 in Fighting
 10661 | D:8      | Reached skill level 6 in Stealth
 10861 | D:8      | Noticed a two-headed ogre
 11062 | D:8      | Reached skill level 7 in Stealth
 11124 | D:8      | Killed a two-headed ogre
 11125 | D:8      | Reached skill level 5 in Throwing
 11125 | D:8      | Reached XP level 10. HP: 34/59 MP: 10/10
 11801 | D:8      | Got a jewelled chain mail
 11811 | D:8      | Identified the +1 chain mail of the Swamp {*Contam rF+ rC+
                  | MP+9} (You found it on level 8 of the Dungeon)
 12336 | D:8      | Identified a scroll of acquirement
 12338 | D:8      | Acquired the +2 cloak "Ipivaf" {rC+ Will+ Str-2 Stlth+}
 12407 | D:8      | Reached **** piety under Trog
 12487 | D:8      | Noticed a two-headed ogre
 12491 | D:8      | Killed a two-headed ogre
 12543 | D:8      | Found a sacrificial altar of Ru.
 12545 | D:8      | Noticed Joseph
 12571 | D:8      | Killed Joseph
 12572 | D:8      | Reached skill level 8 in Stealth
 12758 | D:8      | Reached skill level 9 in Stealth
 12772 | D:8      | Reached XP level 11. HP: 67/67 MP: 11/11
 12965 | D:9      | Found Tesaliap's Jewellery Shoppe.
 12984 | D:9      | Found a burning altar of Makhleb.
 12985 | D:9      | Found a shimmering altar of Xom.
 13435 | D:9      | Found a staircase to the Orcish Mines.
 13900 | D:9      | Noticed a two-headed ogre
 13903 | D:9      | Noticed a two-headed ogre
 14209 | D:9      | Found a sparkling altar of Nemelex Xobeh.
 14464 | D:9      | Found Paomobui's General Store.
 14568 | D:9      | Noticed a two-headed ogre
 15019 | D:9      | Killed a two-headed ogre
 15101 | D:9      | Killed a two-headed ogre
 15105 | D:9      | Reached ***** piety under Trog
 15388 | D:9      | Killed a two-headed ogre
 16982 | D:10     | Entered Level 10 of the Dungeon
 17552 | D:10     | Reached skill level 5 in Shields
 18032 | D:10     | Got a pair of spiked boots
 18039 | D:10     | Identified the -5 pair of boots of Hasuuxt {Slay+2} (You
                  | found it on level 10 of the Dungeon)
 18523 | D:9      | Reached skill level 10 in Stealth
 18740 | D:10     | Noticed Harold
 18764 | D:10     | Killed Harold
 18765 | D:10     | Reached skill level 11 in Stealth
 18765 | D:10     | Reached XP level 12. HP: 73/73 MP: 12/12
 19097 | D:10     | Found a staircase to the Lair.
 19566 | Lair:1   | Entered Level 1 of the Lair of Beasts
 19597 | Lair:1   | You fall into a shaft and drop 1 floor!
 19614 | Lair:2   | Found a gate leading to a gauntlet.
 19620 | Gauntlet | Entered a Gauntlet
 19620 | Gauntlet | Found a transporter.
 19682 | Gauntlet | Found a runed translucent door.
 19683 | Gauntlet | Found a runed translucent door.
 19706 | Gauntlet | Noticed a death ooze
 19711 | Gauntlet | Noticed a hell hog
 19722 | Gauntlet | Found a transporter.
 19733 | Gauntlet | Found a transporter.
 19739 | Gauntlet | Noticed a fire crab
 19771 | Gauntlet | Noticed a soul eater
 19782 | Gauntlet | Found a transporter.
 19816 | Gauntlet | Found a transporter.
 19827 | Gauntlet | Found a transporter.
 19834 | Gauntlet | Found a transporter.
 19835 | Gauntlet | Killed a death ooze
 19846 | Gauntlet | Found a transporter.
 19871 | Gauntlet | Gained mutation: Your spells are a little easier to cast,
                  | but a little less powerful. [mutagenic glow]
 19953 | Gauntlet | Killed a hell hog
 20270 | Gauntlet | Identified the ring of Faneddug {Ice Str+5 Int+3}
 20270 | Gauntlet | Noticed a minotaur
 20276 | Gauntlet | Killed a minotaur
 20317 | Gauntlet | Acquired a +3 rapier of speed
 20407 | Gauntlet | Reached skill level 10 in Dodging
 21553 | Lair:1   | Reached skill level 12 in Stealth
 22274 | Lair:2   | Found a burning altar of Makhleb.
 22488 | Lair:2   | Noticed Sonja
 22496 | Lair:2   | Reached skill level 13 in Stealth
 22500 | Lair:2   | Killed Sonja
 22501 | Lair:2   | Reached XP level 13. HP: 65/80 MP: 13/13
 22777 | Lair:2   | Reached skill level 10 in Evocations
 22940 | Lair:2   | Noticed a six-headed hydra
 22948 | Lair:2   | Killed a six-headed hydra
 23197 | Lair:2   | Noticed a boulder beetle
 23232 | Lair:2   | Killed a boulder beetle
 24061 | Lair:3   | Noticed a catoblepas
 24067 | Lair:2   | Received a gift from Trog
 24133 | Lair:3   | Found a transporter.
 24134 | Lair:3   | Noticed sahdkjhfkaj's ghost (journeyman SpEn)
 24152 | Lair:3   | Noticed an eight-headed hydra
 24156 | Lair:3   | Killed an eight-headed hydra
 24397 | Lair:3   | Found a transporter.
 24397 | Lair:3   | Noticed a six-headed hydra
 24627 | Lair:3   | Found a hole to the Spider Nest.
 24640 | Lair:3   | Noticed an eight-headed hydra
 24712 | Lair:3   | Reached skill level 10 in Fighting
 24786 | Lair:3   | Found a staircase to the Shoals.
 25555 | Lair:4   | Noticed a five-headed hydra
 25568 | Lair:4   | Noticed a seven-headed hydra
 25572 | Lair:4   | Killed a five-headed hydra
 25580 | Lair:4   | Killed a seven-headed hydra
 25667 | Lair:3   | Reached skill level 14 in Stealth
 25936 | Lair:4   | Reached XP level 14. HP: 90/90 MP: 14/14
 26569 | Lair:5   | Acquired 1047 gold pieces
 27155 | Lair:5   | You fall into a shaft and drop 1 floor!
 27155 | Lair:6   | Entered Level 6 of the Lair of Beasts
 27226 | Lair:6   | Acquired 882 gold pieces
 28029 | Lair:6   | Found a staircase to the Slime Pits.
 28058 | Lair:6   | Got a faintly glowing scale mail
 28068 | Lair:6   | Identified the +1 scale mail of Soft Creativity {rN+ Dex+3}
                  | (You found it on level 6 of the Lair of Beasts)
 28677 | Lair:5   | Received a gift from Trog
 29311 | Lair:6   | Reached skill level 15 in Stealth
 29534 | Lair:6   | Reached skill level 16 in Stealth
 30389 | D:11     | Received a gift from Trog
 30411 | D:11     | Reached XP level 15. HP: 96/96 MP: 15/15
 31627 | D:12     | Noticed Azrael
 31682 | D:12     | Killed Azrael
 32369 | D:12     | Received a gift from Trog
 33907 | D:13     | Noticed Frances
 33911 | D:13     | Killed Frances
 34608 | D:14     | Found a gate to the Vaults.
 35346 | D:15     | Entered Level 15 of the Dungeon
 35418 | D:15     | Found a glowing golden altar of the Shining One.
 35418 | D:15     | Noticed an angel
 35420 | D:15     | Found Biwnico's Hallowed Reliquary.
 35457 | D:15     | Noticed Josephine
 35475 | D:15     | Reached XP level 16. HP: 104/104 MP: 16/16
 35493 | D:15     | Killed Josephine
 35499 | D:15     | Received a gift from Trog
 36677 | D:15     | Noticed Kirke
 36695 | D:15     | Killed Kirke
 37038 | D:15     | Found a staircase to the Depths.
 37223 | D:15     | Found a runed translucent gate.
 37223 | D:15     | Found a runed translucent gate.
 37223 | D:15     | Found a runed translucent gate.
 37226 | D:15     | Noticed AyAyRon's ghost (adept DsFi)
 37719 | D:15     | Identified the +1 plate armour of Wyogypp {*Contam Dex+7}
 38109 | D:6      | Received a gift from Trog
 38194 | D:6      | Found a roughly hewn altar of Beogh.
 38384 | D:8      | Reached skill level 17 in Stealth
 38476 | Orc:1    | Entered Level 1 of the Orcish Mines
 38526 | Orc:1    | Found an iron altar of Okawaru.
 38840 | Lair:3   | Killed sahdkjhfkaj's ghost
 39125 | Orc:2    | Entered Level 2 of the Orcish Mines
 39424 | Orc:1    | Found a roughly hewn altar of Beogh.
 39452 | Orc:1    | Noticed Fannar
 39456 | Orc:1    | Killed Fannar
 39512 | Orc:1    | Found Boboily's Antique Armour Emporium.
 39901 | Orc:2    | Reached skill level 15 in Evocations
 40167 | Orc:2    | Found Jaseuk's Distillery.
 40267 | Orc:2    | Found Xengexesch's Antique Weapon Emporium.
 40432 | Orc:2    | Found a staircase to the Elven Halls.
 40489 | Orc:2    | Reached ****** piety under Trog
 40501 | Orc:2    | Found a roughly hewn altar of Beogh.
 40539 | Orc:2    | Found Hoam's Assorted Antiques.
 40553 | Orc:2    | Found Jenwipso's Distillery.
 41134 | Orc:2    | Bought a brightly glowing ring mail for 288 gold pieces
 41144 | Orc:2    | Identified the +5 ring mail "Piha" {Will+ Int+2} (You
                  | bought it in a shop on level 2 of the Orcish Mines)
 41344 | Spider:1 | Entered Level 1 of the Spider Nest
 41372 | Spider:1 | Noticed Agnes
 41376 | Spider:1 | Killed Agnes
 41377 | Spider:1 | Reached XP level 17. HP: 108/108 MP: 17/17
 41611 | Spider:1 | Received a gift from Trog
 41768 | Spider:1 | Reached skill level 15 in Dodging
 44527 | Spider:2 | Reached skill level 5 in Armour
 44800 | Temple   | Entered the Ecumenical Temple
 44985 | Temple   | Fell from the grace of Trog
 44985 | Temple   | Became a worshipper of Dithmenos the Shadowed
 46323 | Spider:3 | Noticed Arachne
 46408 | Spider:1 | Killed Arachne
 48115 | Spider:3 | Reached * piety under Dithmenos
 48176 | Spider:3 | Reached skill level 1 in Conjurations
 48178 | Spider:3 | Learned a level 1 spell: Apportation
 48257 | Lair:3   | Paralysed by Trog for 4 turns
 48501 | D:11     | Learned a level 3 spell: Confusing Touch
 49517 | Spider:3 | Reached skill level 1 in Hexes
 49778 | Spider:3 | Reached XP level 18. HP: 116/116 MP: 22/22
 50227 | Spider:4 | Entered Level 4 of the Spider Nest
 50412 | Spider:4 | Reached ** piety under Dithmenos
 50429 | Spider:4 | Reached skill level 5 in Spellcasting
 53034 | Elf:1    | Entered Level 1 of the Elven Halls
 53710 | Elf:1    | Reached skill level 5 in Conjurations
 54129 | Elf:1    | Reached *** piety under Dithmenos
 54560 | Elf:1    | Reached skill level 5 in Hexes
 54815 | Elf:1    | Found Vuuruk's Antique Weapon Shoppe.
 54851 | Elf:1    | Noticed Aizul
 54855 | Elf:1    | Killed Aizul
 55186 | Elf:2    | Found Pif Bepn's Magic Scroll Shop.
 55222 | Elf:2    | Reached skill level 1 in Invocations
 56213 | Elf:1    | Found Vuuruk's Antique Weapon Shoppe.
 57176 | Elf:2    | Found a runed translucent door.
 57217 | Elf:2    | Reached skill level 5 in Invocations
 57234 | Elf:2    | Found a runed translucent door.
 58171 | Elf:2    | Reached XP level 19. HP: 102/120 MP: 29/29
 58877 | Elf:1    | Found Vuuruk's Antique Weapon Shoppe.
 60498 | Elf:2    | Found Haigom's Weapon Boutique.
 60740 | Elf:3    | Entered Level 3 of the Elven Halls
 61021 | Depths:1 | Entered Level 1 of the Depths
 61109 | Depths:1 | Noticed a golden dragon
 61113 | Depths:1 | Killed a golden dragon
 61481 | Depths:1 | Reached **** piety under Dithmenos
 62415 | Depths:1 | Noticed a caustic shrike
 62417 | Depths:1 | Killed a caustic shrike
 63065 | Depths:1 | Was forgiven by Trog
 63471 | Depths:1 | Found a one-way gate to the infinite horrors of the Abyss.
 64128 | Depths:1 | Found Dacukhliocw's Jewellery Shop.
 64128 | Depths:1 | Found Xosor's Jewellery Shop.
 64129 | Depths:1 | Found Catytrom's Book Shoppe.
 64143 | Depths:1 | Reached skill level 10 in Invocations
 64191 | Depths:1 | Learned a level 5 spell: Summon Forest
 64191 | Depths:1 | Bought a Grand Grimoire for 1766 gold pieces
 64191 | Depths:1 | Bought a book of Maledictions for 400 gold pieces
 64191 | Depths:1 | Bought the Compendium of Warped Stones for 784 gold pieces
 64199 | Depths:1 | Learned a level 7 spell: Malign Gateway
 64202 | Depths:1 | Learned a level 2 spell: Blink
 64206 | Depths:1 | Learned a level 3 spell: Dazzling Flash
 64408 | Depths:1 | HP: 6/121 [salamander/+2 halberd of freezing (14)]
 64888 | Depths:1 | Found a gateway to Hell.
 65238 | Depths:2 | Found a portal to a secret trove of treasure.
 65387 | Depths:2 | Identified the +7 dire flail of Doom {freeze, +Blink rC+
                  | Dex+2}
 65577 | Depths:2 | Reached XP level 20. HP: 47/127 MP: 33/33
 65911 | Depths:2 | Reached ***** piety under Dithmenos
 65919 | Depths:2 | Noticed a juggernaut
 65920 | Depths:2 | Reached skill level 15 in Short Blades
 65941 | Depths:2 | Killed a juggernaut
 66462 | Depths:2 | Reached skill level 18 in Stealth
 67340 | Depths:1 | Voluntarily entered the Abyss.
 67445 | Depths:1 | Escaped the Abyss
 67735 | Depths:1 | Voluntarily entered the Abyss.
 67880 | Abyss:1  | Reached skill level 10 in Throwing
 68595 | Abyss:1  | Found a corrupted altar of Lugonu.
 68635 | Abyss:1  | Found a corrupted altar of Lugonu.
 68640 | Abyss:1  | Fell from the grace of Dithmenos
 68640 | Abyss:1  | Became a worshipper of Lugonu the Unformed
 68640 | Abyss:1  | Reached * piety under Lugonu
 68657 | Abyss:1  | Noticed a tentacled monstrosity
 68690 | Abyss:1  | Killed a tentacled monstrosity
 68751 | Depths:1 | Escaped the Abyss
 69094 | Depths:1 | Voluntarily entered the Abyss.
 69180 | Abyss:1  | Found a runed translucent door.
 69206 | Abyss:1  | Found a runed translucent door.
 69336 | Abyss:1  | Paralysed by accursed screaming for 1 turns
 69498 | Abyss:2  | HP: 3/128 [large abomination (18)]
 69506 | Abyss:2  | HP: 6/128 [large abomination (19)]
 69520 | Abyss:2  | Killed from afar by a daeva

Illustrated notes

Levels and vault maps discovered:
D:1:      dpeg_arrival_tiny_c, layout_loops_corners
D:2:      layout_loops_corners, overflow_temple_1_default,
          lightli_temple_of_fire, serial_bayou, serial_bayou_lake_a,
          serial_bayou_pond_b, serial_bayou_lagoon_a, serial_bayou_lagoon_b,
          uniq_robin
D:3:      layout_loops_corners, general_overflow_altar
D:4:      layout_loops_ring, lemuel_coloured_pillars_altar,
          chequers_temple_overflow_minitemple, minmay_manual_mail
D:5:      layout_basic, overflow_temple_1_default
D:6:      layout_loops_ring, minmay_temple_entry_proselytizer, serial_shops,
          shop, nicolae_shop_behind_doors, lightli_church_of_beogh, uniq_edmund
D:7:      layout_loops_cross, serial_shops, nicolae_shop_overgrown_old_shop
D:8:      layout_loops_ring, hangedman_ru_absence, hangedman_ranch
          [blue_anna_fruit_fields], uniq_joseph
D:9:      layout_basic, grunt_temple_overflow_champion_of_chaos,
          nemelex_xobeh_ov_fountains_minmay, zombieorc1_lemuel, serial_shops,
          nicolae_shop_trees, nicolae_shop_temple_entry_statues_fountains
D:10:     layout_irregular_city, david_lair_shrubbed, hangedman_decor_riveting,
          uniq_harold
D:11:     layout_basic, hangedman_weighted_door
D:12:     layout_basic, lemuel_old_faithful, uniq_azrael
D:13:     layout_long_grid, drop_trap, chequers_avenue, uniq_frances
D:14:     layout_roguey, erik_vaults_2, minmay_staircase_bubble,
          chequers_serial_rivers_small_b
D:15:     gammafunk_depths_entry_grave, layout_long_grid,
          biasface_ghost_orc_armoury, nicolae_good_shop, uniq_kirke,
          uniq_josephine
Temple:   kb_temple_of_zot
Lair:1:   layout_cave_pods, grunt_megastairs_5, lemuel_fruit_fields,
          lemuel_fruit_fields
Lair:2:   layout_regular_city, gauntlet_entry_generic, basic_altar,
          forest_entry_grove, uniq_sonja
Lair:3:   statuecave_lemuel, layout_chaotic_city, elwin_shoals_entry_rooms,
          spider_nest_entry_webs, gammafunk_ghost_arena
Lair:4:   layout_cave_pods
Lair:5:   layout_long_grid, infiniplex_staircase_pool_2, grunt_megastairs_2
Lair:6:   grunt_lair_end_beastmaster, layout_cave_pods,
          minmay_slime_entry_jelly_boxes, kennysheep_abandoned_house
Spider:1: layout_chambers, uniq_agnes
Spider:2: layout_spider_delve, drop_trap
Spider:3: layout_spider_delve, uniq_arachne
Spider:4: grunt_spider_rune_circles, nicolae_spider_webbed_stairs
Orc:1:    layout_diamond_mine, serial_shops, shop, basic_altar,
          nicolae_orc_bridge_out, david_defended_altar_orc, uniq_fannar
Orc:2:    st_orc_town, layout_caves
Elf:1:    minmay_elf_arrival_summoners, layout_loops_corners, serial_shops,
          nicolae_shop_trees, hangedman_elf_represent, amethyst_killhole,
          minivault_4, uniq_aizul
Elf:2:    layout_gridlike, serial_shops, shop, shop_statue, uniq_donald
Elf:3:    grunt_elf_hall_diamonds, layout_geoelf_grid, serial_shops, shop
Depths:1: layout_gridville, grunt_decor_one_mirror, hellmouth_1, abyss_entry,
          minmay_swirly_circle, minmay_shop_grove
Depths:2: minmay_the_grid_3x2 [minmay_the_grid_broken_lines,
          minmay_the_grid_mess, minmay_the_grid_small_cups,
          minmay_the_grid_minigrid_small_alt, minmay_the_grid_pillar_ring,
          minmay_the_grid_prize_four_corners_diamond_a], layout_basic,
          enter_trove_1, serial_corexii_hall, corexii_hall_statues_i,
          corexii_hall_statues_x, hangedman_abyss_entry_splay, hell_entry,
          grunt_pan_entry_spiral, infiniplex_staircase_pillars_1
Abyss:2:  base:
Lair:2

Skill      XL: |  1  2  3  4  5  6  7  8  9 10 11 12 13 14 15 16 17 18 19 20 |
---------------+-------------------------------------------------------------+-----
Short Blades   | 5 6 7 8 9 11 12 13 14 15 | 15.0
Stealth        | 5 7 9 11 13 14 16 17 18 | 18.0
Evocations     | 2 6 8 9 11 12 14 15 | 15.0
Throwing       | 2 5 6 7 9 10 | 10.0
Dodging        | 3 5 7 8 10 11 13 14 15 | 15.0
Fighting       | 4 5 7 8 9 11 12 13 14 | 14.8
Shields        | 2 5 7 |  7.0
Armour         | 4 6 |  6.0
Spellcasting   | 3 7 9 |  9.0
Conjurations   | 3 6 |  6.0
Hexes          | 2 6 8 |  8.0
Invocations    | 6 11 | 11.0

Action                   |  1- 3 |  4- 6 |  7- 9 | 10-12 | 13-15 | 16-18 | 19-21 || total
-------------------------+-------+-------+-------+-------+-------+-------+-------++-------
Melee: Short sword       |   111 |   264 |   712 |  1398 |       |       |       ||  2485
       Rapier            |       |       |       |   251 |  1416 |  2387 |  1162 ||  5216
Throw: Stone             |       |       |       |   113 |    37 |     5 |       ||   155
       Throwing net      |       |       |       |       |       |     1 |       ||     1
 Cast: Confusing Touch   |       |       |       |       |       |    17 |    20 ||    37
       Dazzling Flash    |       |       |       |       |       |       |    53 ||    53
Invok: Berserk           |     2 |     2 |     6 |    15 |    14 |    19 |       ||    58
       Trog's Hand       |       |     1 |     3 |     1 |       |     1 |       ||     6
       Brothers in Arms  |       |       |       |     2 |     1 |       |       ||     3
       Depart the Abyss  |       |       |       |       |       |       |     1 ||     1
Evoke: Wand              |       |       |     3 |     3 |       |     9 |    12 ||    27
  Use: Scroll            |     2 |     3 |     8 |    14 |     9 |    21 |    12 ||    69
       Potion            |       |       |       |     3 |       |     3 |     8 ||    14
 Stab: Sleeping          |     8 |     4 |    10 |    14 |    92 |    93 |    24 ||   245
       Distracted        |       |       |     1 |       |    13 |    14 |     9 ||    37
       Paralysed         |       |       |       |     1 |       |       |     1 ||     2
       Petrifying        |       |       |       |       |     2 |       |       ||     2
       Petrified         |       |       |       |       |     2 |       |       ||     2
       Confused          |       |       |       |       |       |    12 |    16 ||    28
       Held in net/web   |       |       |       |       |       |     3 |       ||     3
       Invisible         |       |       |       |       |       |       |    15 ||    15
Armor: Animal skin       |    17 |    46 |       |       |       |       |       ||    63
       Scale mail        |       |    24 |    23 |       |       |       |       ||    47
       Ring mail         |       |       |   183 |    32 |   127 |   335 |   215 ||   892
       Chain mail        |       |       |       |   296 |       |       |       ||   296
       Crystal plate arm |       |       |       |   116 |       |       |       ||   116
Dodge: Dodged            |    64 |   123 |   344 |   460 |   500 |  1244 |   888 ||  3623
Block: Buckler           |       |    10 |   120 |   318 |   451 |   722 |   334 ||  1955
       Reflection        |       |       |       |       |     7 |     3 |       ||    10

Table legend: (Time is in decaauts)
 A = Elapsed time spent in this place.
 B = Non-inter-level travel time spent in this place.
 C = Inter-level travel time spent in this place.
 D = Time resting spent in this place.
 E = Time spent auto-exploring this place.
 F = Levels seen in this place.
 G = Mean time per level.
                   A        B        C        D        E       F      G
               +--------+--------+--------+--------+--------+-----+--------+
         Total |  66332 |  60630 |   5702 |   4012 |  47866 |  38 | 1745.6 |
       Dungeon |  27756 |  24447 |   3309 |   1861 |  18675 |  15 | 1850.4 |
        Temple |    216 |    156 |     60 |      0 |    155 |   1 |  216.0 |
          Lair |  10112 |   8806 |   1306 |    447 |   7297 |   6 | 1685.3 |
   Spider Nest |   9617 |   9165 |    452 |    851 |   7170 |   4 | 2404.2 |
  Orcish Mines |   2492 |   2226 |    266 |    133 |   1743 |   2 | 1246.0 |
   Elven Halls |   7275 |   7075 |    200 |      8 |   6361 |   3 | 2425.0 |
        Depths |   6597 |   6492 |    105 |    191 |   5288 |   2 | 3298.5 |
         Abyss |   1396 |   1396 |      0 |    272 |    715 |   4 |  349.0 |
      Gauntlet |    866 |    866 |      0 |    246 |    459 |   1 |  866.0 |
               +--------+--------+--------+--------+--------+-----+--------+

Top non-repeatable levels by time:
   Elf:1: 5923 daAuts
Depths:1: 4928 daAuts
Spider:1: 4471 daAuts
Spider:3: 3235 daAuts
     D:9: 3171 daAuts
     D:8: 2926 daAuts
    D:10: 2421 daAuts
  Lair:2: 2342 daAuts
     D:6: 2331 daAuts
     D:2: 2151 daAuts
    D:14: 2121 daAuts
  Lair:6: 2108 daAuts
     D:7: 1902 daAuts
  Lair:3: 1698 daAuts
Depths:2: 1669 daAuts
